 Dungeon Crawl Stone Soup version 0.28.0-53-g5a82cb258f (webtiles) character file.

Game seed: 8078971704661301323

46 Zeld the Conjurer (level 3, -2/19 HPs)
             Began as a Deep Elf Conjurer on May 25, 2022.
             Killed by nerve-wracking pain
             ... invoked by Grinder
              (3 damage)
             ... on level 3 of the Dungeon.
             The game lasted 00:02:09 (2511 turns).

Zeld the Conjurer (Deep Elf Conjurer)               Turns: 2511, Time: 00:02:10

Health: -2/19      AC:  5    Str:  4    XL:     3   Next: 46%
Magic:  5/10       EV: 12    Int: 24    God:
Gold:   119        SH:  0    Dex: 13    Spells: 6/9 levels left

rFire   . . .      SeeInvis .   (no weapon)
rCold   . . .      Faith    .   (no shield)
rNeg    . . .      Spirit   .   a - +0 robe
rPois   .          Reflect  .   (no helmet)
rElec   .          Harm     .   d - +2 cloak
rCorr   .          Rampage  .   (no gloves)
Will    .....                   (no boots)
Stlth   ++........              (no amulet)
HPRegen 0.06/turn               (no ring)
MPRegen 0.12/turn               (no ring)

@: no status effects
A: no striking features
a: no special abilities


You were on level 3 of the Dungeon.
You visited 1 branch of the dungeon, and saw 3 of its levels.

You collected 119 gold pieces.

Inventory:

Armour
 a - a +0 robe (worn)
 d - a +2 cloak (worn)
Scrolls
 b - a scroll of teleportation {unknown}
 f - a scroll of blinking {unknown}
 h - a scroll of identify {unknown}
 i - a scroll of immolation {unknown}
Potions
 c - a potion of curing {unknown}
 e - 4 potions of heal wounds {unknown}
 g - a potion of berserk rage {unknown}
 j - 2 potions of attraction {unknown}
 k - 2 potions of haste {unknown}


   Skills:
 - Level 2.4 Dodging
 - Level 2.4 Stealth
 + Level 3.6 Spellcasting
 + Level 4.6 Conjurations
 - Level 2.0 Hexes
 - Level 2.0 Translocations


You had 6 spell levels left.
You knew the following spells:

 Your Spells              Type           Power      Damage    Failure   Level
a - Magic Dart            Conj           100%       1d8       1%          1
b - Searing Ray           Conj           52%        2d6       2%          2

Your spell library contained the following spells:

 Spells                   Type           Power      Damage    Failure   Level
 Dazzling Flash           Conj/Hex       40%        N/A       8%          3
 Fulminant Prism          Conj/Hex       10%        3d9       26%         4
 Iskenderun's Mystic Bla  Conj/Tloc      20%        2d6       26%         4


Dungeon Overview and Level Annotations

Branches:
Dungeon (3/15)

Altars:

Annotations:
D:3 Grinder


Message History

Grinder is severely wounded.
Grinder blinks!
Grinder gestures at you. You resist with significant effort.
You climb upwards.
There is a stone staircase leading down here.
You start resting.
Magic restored.
You start resting.
HP restored.
You climb downwards.
You hear the sound of rushing water.
There is an entrance to a sewer on this level.
Hurry and find it before the portal rusts away!
Level annotation: Grinder You hear the rapid rusting of a very distant drain.
There is a stone staircase leading up, spattered with blood here.
Casting: Magic Dart (safe; 1% risk of failure)
Confirm with . or Enter, or press ? or * to list all spells.
Aiming: Searing Ray (safe; 2% risk of failure)
Press: ? - help, Shift-Dir - straight line, f - Grinder
Aim: Grinder (77% to hit)
The searing ray misses Grinder. (Press . to maintain the ray.) Grinder hits you.
You writhe in agony.
Unknown command.
The searing ray hits Grinder.
Grinder is lightly wounded.
Grinder hits you.
* * * LOW HITPOINT WARNING * * *
You writhe in agony.
* * * LOW HITPOINT WARNING * * *
The searing ray hits Grinder!
Grinder is moderately wounded.
Grinder misses you.
The searing ray hits Grinder.
Grinder is moderately wounded.
You finish channelling your searing ray.
Grinder gestures at you. Pain shoots through your body!
You die...

#.#.########
#######..........#
.................#
.....##..........#
.######...(......#
## #...........#
#...........#
#..........5#
#..........@#
#..#.#########
....##.# #######.#
#..# #†## #.# #.#
#§#


You could see Grinder.

Vanquished Creatures
  An adder (D:3)
  A dart slug (D:1)
  3 ball pythons
  6 endoplasms
  3 giant cockroaches
  2 hobgoblins (D:3)
  3 jackals (D:1)
  3 kobolds
  2 quokkas
  2 frilled lizards
  2 goblins (D:2)
  2 rats (D:3)
30 creatures vanquished.

Notes
Turn   | Place    | Note
-------+----------+-------------------------------------------
     0 | D:1      | Zeld the Deep Elf Conjurer began the quest for the Orb.
     0 | D:1      | Reached XP level 1. HP: 10/10 MP: 6/6
   428 | D:1      | Reached skill level 1 in Hexes
   520 | D:1      | Reached XP level 2. HP: 15/15 MP: 5/8
   556 | D:1      | Reached skill level 1 in Translocations
  1301 | D:2      | Learned a level 2 spell: Searing Ray
  1376 | D:2      | Found a faded altar of an unknown god.
  1891 | D:3      | Reached XP level 3. HP: 19/19 MP: 5/9
  2240 | D:3      | Noticed Grinder
  2270 | D:3      | Paralysed by Grinder for 2 turns
  2511 | D:3      | Killed from afar by Grinder

Illustrated notes

Levels and vault maps discovered:
D:1:      elethiomel_arrival_infinity_welcomes_careful_drivers,
          layout_loops_corners, serial_bayou, serial_bayou_shore_a,
          serial_bayou_lagoon_a, serial_bayou_pond_d, serial_bayou_crossing
D:2:      layout_rooms, shapermc_ecumenical_altar_hornbeckon
D:3:      layout_rooms, portal_sewer_entry_a, uniq_grinder, uniq_jessica

Skill      XL: |  1  2  3 |
---------------+----------+-----
Hexes          | 1 2 |  2.0
Translocations | 1 2 |  2.0
Dodging        | |  2.4
Stealth        | |  2.4
Spellcasting   | |  3.6
Conjurations   | |  4.6

Action                   || total
-------------------------++-------
Melee: Unarmed           ||    21
 Cast: Magic Dart        ||    57
       Searing Ray       ||     4
Armor: Robe              ||    17
Dodge: Dodged            ||    34
